 Dungeon Crawl Stone Soup version 0.20.1-1-g8b1a95d (webtiles) character file.

52 dvd the Firebug (level 3, -1/19 HPs)
             Began as a Deep Elf Fire Elementalist on Aug 30, 2017.
             Slain by Crazy Yiuf
             ... wielding a +3 quarterstaff of chaos
              (11 damage)
             ... on level 2 of the Dungeon.
             The game lasted 00:02:34 (1424 turns).

dvd the Firebug (Deep Elf Fire Elementalist)        Turns: 1424, Time: 00:02:34

Health: -1/19      AC:  3    Str:  5    XL:     3   Next: 60%
Magic:  3/10       EV: 13    Int: 20    God:
Gold:   73         SH:  0    Dex: 15    Spells: 7/10 levels left

rFire    . . .     SeeInvis .   (no weapon)
rCold    . . .     Gourm    .   (no shield)
rNeg     . . .     Faith    .   a - +0 robe
rPois    .         Spirit   .   n - +0 helmet
rElec    .         Reflect  .   (no cloak)
rCorr    .         Harm     .   (no gloves)
MR       .....     Rnd*Tele +   (no boots)
Stlth    +++.......             (no amulet)
Regen    0.1/turn               d - ring of stealth
MPRegen  0.2/turn               m - ring of teleportation (curse)

@: no status effects
A: no striking features
a: no special abilities


You were on level 2 of the Dungeon.
You were hungry.

You visited 1 branch of the dungeon, and saw 2 of its levels.

You collected 73 gold pieces.

Inventory:

Armour
 a - a +0 robe (worn)
 n - a +0 helmet (worn)
Jewellery
 d - a ring of stealth (left hand)
 l - an uncursed ring of stealth
 m - a cursed ring of teleportation (right hand)
Scrolls
 h - a scroll of fear
Potions
 e - 2 potions of mutation {unknown}
 f - a potion of might
 g - a potion of magic {unknown}
 i - a potion of brilliance {unknown}
Books
 b - a book of Flames

   Spells                             Type                      Level
   a - Flame Tongue                   Conjuration/Fire             1
   b - Throw Flame                    Conjuration/Fire             2
   c - Conjure Flame                  Conjuration/Fire             3
   d - Inner Flame                    Hexes/Fire                   3
   e - Sticky Flame                   Conjuration/Fire             4
   f - Fireball                       Conjuration/Fire             5
Comestibles
 c - 2 bread rations
 j - a meat ration
 k - 2 chunks of flesh


   Skills:
 + Level 2.8 Dodging
 + Level 2.6 Stealth
 + Level 4.0 Spellcasting
 + Level 1.1 Conjurations
 + Level 4.2 Fire Magic


You had 7 spell levels left.
You knew the following spells:

 Your Spells              Type           Power        Failure   Level  Hunger
a - Flame Tongue          Conj/Fire      ##...        4%          1    None
b - Throw Flame           Conj/Fire      ##....       6%          2    #......


Dungeon Overview and Level Annotations

Branches:
Dungeon (2/15)

Altars:
Kikubaaqudgha

Annotations:
D:2 Crazy Yiuf


Message History

Crazy Yiuf is moderately wounded.
Casting: Flame Tongue
Confirm with . or Enter, or press ? or * to list all spells.
Aiming: Flame Tongue
Press: ? - help, Shift-Dir - straight line, f/p - Crazy Yiuf
Aim: Crazy Yiuf, wielding a quarterstaff of chaos and wearing a cloak (moderately wounded)
The flame tongue hits Crazy Yiuf.
Crazy Yiuf is heavily wounded.
Crazy Yiuf hits you with a quarterstaff of chaos!
Ouch! That really hurt!
Casting: Flame Tongue
Confirm with . or Enter, or press ? or * to list all spells.
Aiming: Flame Tongue
Press: ? - help, Shift-Dir - straight line, f/p - Crazy Yiuf
Aim: Crazy Yiuf, wielding a quarterstaff of chaos and wearing a cloak (heavily wounded)
The flame tongue hits Crazy Yiuf.
Crazy Yiuf is almost dead.
Crazy Yiuf hits you with a quarterstaff of chaos!
Ouch! That really hurt!
You die...

..#####.####
#...#.#.#.#.
..# #......#
##..#.#.#...
..###......#
##..#...#...
...........#
#####
#...........
#######.####
#)..#
##..#####.#. #
#.# #...# #..#
#.#. # #.# ...
#..# #<#. #
#.# #g# ##.#
#.#. # #.####
♣@♣♣ ... #.#.
#######....#
♣♣.♣ ... #.#.
.......#####
♣.♣♣ .... #.#.
.......# ♣♣.♣
#.... #.
.......# ♣♣.♣♣
## .......#
♣♣...♣
########
♣....♣ ##..##
#########....#


You could see Crazy Yiuf.

Vanquished Creatures
  Jessica (D:2)
  A worm (D:2)
  A dart slug (D:1)
  2 leopard geckos
  3 bats (D:1)
  A giant cockroach (D:2)
  A goblin (D:1)
  2 hobgoblins
  3 jackals (D:2)
  A frilled lizard (D:1)
  3 rats
19 creatures vanquished.

Notes
Turn   | Place    | Note
-------+----------+-------------------------------------------
     0 | D:1      | dvd the Deep Elf Fire Elementalist began the quest for the Orb.
     0 | D:1      | Reached XP level 1. HP: 10/10 MP: 6/6
   289 | D:1      | Reached XP level 2. HP: 15/15 MP: 5/8
   319 | D:1      | Learned a level 2 spell: Throw Flame
   942 | D:2      | Found an ancient bone altar of Kikubaaqudgha.
  1294 | D:2      | Noticed Jessica
  1299 | D:2      | Killed Jessica
  1299 | D:2      | Reached XP level 3. HP: 19/19 MP: 4/10
  1414 | D:2      | Found a runed door.
  1418 | D:2      | Noticed Crazy Yiuf
  1424 | D:2      | Slain by Crazy Yiuf

Skill      XL: |  1  2 |
---------------+-------+-----
Fire Magic     | 4 |  4.2
Spellcasting   | 4 |  4.0
Dodging        | |  2.8
Stealth        | |  2.6
Conjurations   | |  1.1

Action                   || total
-------------------------++-------
 Cast: Flame Tongue      ||    32
       Throw Flame       ||     5
  Use: Scroll            ||     4
  Eat: Chunk             ||     1
Dodge: Dodged            ||     3
